 Dungeon Crawl Stone Soup version 0.26-a0-537-g96b2eae49b (webtiles) character file.

Game seed: 16836260035138836539

86 MrRokkomies the Caller (level 4, 0/36 HPs)
             Began as a Demigod Wanderer on Aug 14, 2020.
             Killed from afar by a dart slug (6 damage)
             ... with a slug dart
             ... on level 2 of the Dungeon.
             The game lasted 00:02:54 (2396 turns).

MrRokkomies the Caller (Demigod Wanderer)           Turns: 2396, Time: 00:02:54

Health: 0/36       AC:  3    Str: 14    XL:     4   Next: 5%
Magic:  8/8        EV: 12    Int: 18    God:
Gold:   23         SH:  0    Dex: 16    Spells: 5/5 levels left

rFire    . . .     SeeInvis .   a - +1 dagger (speed)
rCold    . . .     Faith    .   (no shield)
rNeg     . . .     Spirit   .   e - +0 robe
rPois    .         Reflect  .   (no helmet)
rElec    .         Harm     .   (no cloak)
rCorr    .                      (no gloves)
MR       .....                  h - +0 pair of boots
Stlth    ++........             (no amulet)
HPRegen  0.12/turn              (no ring)
MPRegen  0.11/turn              (no ring)

@: lethally poisoned (0 -> -8)
A: high mp 1
a: no special abilities


You were on level 2 of the Dungeon.
You visited 1 branch of the dungeon, and saw 2 of its levels.

You collected 23 gold pieces.

Inventory:

Hand Weapons
 a - a +1 dagger of speed (weapon)
 b - a +0 hunting sling
 j - a +2 dagger
Missiles
 c - a throwing net
 l - 2 curare-tipped darts (quivered)
 m - 29 sling bullets
Armour
 e - a +0 robe (worn)
 h - a +0 pair of boots (worn)
Wands
 k - a wand of polymorph (3)
Scrolls
 d - a scroll of identify {unknown}
 g - 2 scrolls of teleportation {unknown}
 i - a scroll of amnesia {unknown}
Potions
 f - 2 potions of cancellation


   Skills:
 * Level 2.2 Fighting
   Level 1.0 Maces & Flails
 * Level 2.7 Throwing
 - Level 1.0 Armour
 + Level 1.2 Dodging
 + Level 1.3 Stealth
 - Level 1.0 Spellcasting
   Level 3.6 Summonings


You had 5 spell levels left.
You didn't know any spells.
Your spell library contained the following spells:

 Spells                   Type           Power        Failure   Level
 Summon Small Mammal      Summ           ##..         4%          1
 Sandblast                Erth           #.....       21%         1
 Summon Guardian Golem    Hex/Summ       #.......     28%         3
 Stone Arrow              Conj/Erth      #.....       52%         3


Dungeon Overview and Level Annotations

Branches:
Dungeon (2/15)

Annotations:
D:2 1 runed translucent door, Crazy Yiuf


Innate Abilities, Weirdness & Mutations

You have an increased reservoir of magic. (+10% MP)


Message History

You have reached level 4!
You feel sick.
It was a potion of cancellation.
You feel magically purged.
* * * LOW HITPOINT WARNING * * *
You feel sick.
* * * LOW HITPOINT WARNING * * *
You feel sick.
You see here 26 stones.
* * * LOW HITPOINT WARNING * * *
You feel sick.
* * * LOW HITPOINT WARNING * * *
You feel sick.
* * * LOW HITPOINT WARNING * * *
You feel sick.
A dart slug comes into view.
* * * LOW HITPOINT WARNING * * *
You feel sick. The dart slug launches a dart at you. The slug dart hits you.
You die...

#########
#######......<$
....w........# #@#
#.# # #.# # #(
#.####≈##
###.###(#.≈≈≈..
#.....#.≈≈....≈
###.# #.#.#≈≈#..#
#...# #.....≈≈≈..
###.#.###.######≈≈≈


You could see a dart slug.

Vanquished Creatures
  Jessica (D:2)
  2 adders (D:2)
  3 leopard geckos
  8 goblins
  7 hobgoblins
  4 jackals (D:1)
  3 kobolds (D:1)
  A quokka (D:2)
  A bat (D:1)
  2 frilled lizards
  2 rats
34 creatures vanquished.

Notes
Turn   | Place    | Note
-------+----------+-------------------------------------------
     0 | D:1      | MrRokkomies the Demigod Wanderer began the quest for the
                  | Orb.
     0 | D:1      | MrRokkomies set off with the following items: a +2 dagger,
                  | 3 curare-tipped darts, a +0 robe; and the following spells
                  | available to memorise: Summon Small Mammal, Sandblast,
                  | Summon Guardian Golem, Stone Arrow
     0 | D:1      | Reached XP level 1. HP: 16/16 MP: 4/4
   414 | D:1      | You fall into a shaft and drop 1 floor!
   416 | D:2      | Found a runed translucent door.
   417 | D:2      | Noticed Crazy Yiuf
   472 | D:1      | Reached XP level 2. HP: 19/23 MP: 5/5
  1563 | D:2      | Noticed Jessica
  1570 | D:2      | Killed Jessica
  1570 | D:2      | Reached skill level 1 in Dodging
  1570 | D:2      | Reached skill level 1 in Stealth
  1570 | D:2      | Reached XP level 3. HP: 28/29 MP: 6/6
  2390 | D:2      | Reached XP level 4. HP: 12/36 MP: 8/8
  2396 | D:2      | Killed from afar by a dart slug

Illustrated notes

Levels and vault maps discovered:
D:1:      saegor_arrival_simple_d, layout_loops_corners
D:2:      layout_loops_ring, serial_rivers, chequers_serial_rivers_large_a,
          chequers_serial_rivers_small_a, chequers_serial_rivers_large_b,
          chequers_serial_rivers_small_b, minivault_27, uniq_crazy_yiuf_cottage,
          uniq_robin, uniq_jessica

Skill      XL: |  1  2 |
---------------+-------+-----
Throwing       | 2 |  2.7
Fighting       | 2 |  2.2
Dodging        | 1 |  1.2
Stealth        | 1 |  1.3
Maces & Flails | |  1.0
Armour         | |  1.0
Spellcasting   | |  1.0
Summonings     | |  3.6

Action                   |  1- 3 |  4- 6 || total
-------------------------+-------+-------++-------
Melee: Dagger            |   118 |       ||   118
Throw: Dart              |     4 |       ||     4
  Use: Potion            |       |     1 ||     1
 Stab: Sleeping          |     1 |       ||     1
Armor: Robe              |    20 |       ||    20
Dodge: Dodged            |    49 |       ||    49

Table legend: (Time is in decaauts)
 A = Elapsed time spent in this place.
 B = Non-inter-level travel time spent in this place.
 C = Inter-level travel time spent in this place.
 D = Time resting spent in this place.
 E = Time spent auto-exploring this place.
 F = Levels seen in this place.
 G = Mean time per level.
                   A        B        C        D        E       F      G
               +--------+--------+--------+--------+--------+-----+--------+
         Total |   2398 |   2364 |     34 |    452 |   1663 |   2 | 1199.0 |
       Dungeon |   2398 |   2364 |     34 |    452 |   1663 |   2 | 1199.0 |
               +--------+--------+--------+--------+--------+-----+--------+

Top non-repeatable levels by time:
     D:1: 1521 daAuts
     D:2: 877 daAuts
